 Dungeon Sprint DCSS version 0.17-a0-1741-gd5e8965 (webtiles) character file.

11200000 ztt the Plane Walker (level 27, -50/273 HPs)
             Began as a Ghoul Warper on Aug 31, 2015.
             Was the Champion of Makhleb.
             Annihilated by a meat berserker
             ... wielding a +9 battleaxe
              (79 damage)
             ... in the Dungeon (Sprint VIII: "Arena of Blood").
             The game lasted 00:02:35 (112 turns).

ztt the Plane Walker (Ghoul Warper)                  Turns: 112, Time: 00:02:36

Health: -50/273    AC:  6    Str: 19    XL:     27
Magic:  28/53      EV: 32    Int:  8    God:    Makhleb [******]
Gold:   0          SH:  0    Dex: 17    Spells: 1 memorised, 79 levels left

rFire  . . .     SeeInvis +     l - +∞ Axe of Woe
rCold  + . .     Clarity  .     b - +0 leather armour
rNeg   + + +     SustAt   .     (no shield)
rPois  ∞         Gourm    .     (no helmet)
rElec  .         Spirit   .     (no cloak)
rCorr  .         Warding  .     (no gloves)
rMut   .         NoTele   +     (no boots)
MR     ++...                    (no amulet)
Stlth  +++++++++.               (no ring)
                                m - ring of see invisible

@: marked, rotting, very resistant to hostile enchantments, incredibly stealthy
A: rotting body, claws 1, carnivore 3, cold resistance 1, negative energy
resistance 3, slow healing 1, torment resistance, unbreathing
a: Minor Destruction, Lesser Servant of Makhleb, Major Destruction, Greater
Servant of Makhleb, Renounce Religion


You were in the Dungeon.
You worshipped Makhleb.
Makhleb was exalted by your worship.
You were not hungry.

You visited 1 branch

Inventory:

Hand weapons
 a - a +0 hand axe
 l - the +∞ Axe of Woe (weapon)
   (You found it in the Dungeon)
Missiles
 e - 5 tomahawks of dispersal (quivered)
Armour
 b - a +0 leather armour (worn)
Jewellery
 m - a ring of see invisible (left claw)
Scrolls
 d - a scroll of blinking
Potions
 g - a potion of curing
 h - a potion of heal wounds
 i - a potion of haste
 j - 2 potions of magic
 k - a potion of berserk rage
Books
 c - a book of Spatial Translocations

   Spells                             Type                      Level
   a - Apportation                    Translocation                1
   b - Blink                          Translocation                2
   c - Shroud of Golubria             Charms/Translocation         2
   d - Portal Projectile              Translocation                3
   e - Teleport Other                 Translocation                3
   f - Passage of Golubria            Translocation                4
Comestibles
 f - a meat ration


   Skills:
 O Level 27 Fighting
 O Level 27 Axes
 O Level 27 Throwing
 O Level 27 Armour
 O Level 27 Dodging
 O Level 27 Stealth
 O Level 27 Unarmed Combat
 O Level 27 Spellcasting
 O Level 27 Translocations
 O Level 27 Invocations


You had 79 spell levels left.
You knew the following spells:

 Your Spells              Type           Power        Failure   Level  Hunger
a - Apportation           Tloc           ######....   0%          1    None


Dungeon Overview and Level Annotations

Branches:
Dungeon (1/1)

Altars:
Makhleb

Annotations:
D The Defiler


Innate Abilities, Weirdness & Mutations

Your body is rotting away.
You thrive on raw meat.
You are immune to poison.
You have sharp fingernails.
You are carnivorous and can eat meat at any time.
Your flesh is cold resistant.
You are immune to negative energy.
You heal slowly when monsters are visible.
You are immune to unholy pain and torment.
You can survive without breathing.


Message History

The accursed points at you and mumbles some strange words.
Something smites you! The meat beast bites you! The meat beast tramples you.
You stumble backwards!
The accursed points at you and mumbles some strange words.
Something smites you!
* * * LOW HITPOINT WARNING * * *
You hear a shout!
The meat berserker rages.
The tyrant mumbles some strange words.
The meat berserker rages.
The bag of meat hits you with a +9 war axe!!
* * * LOW HITPOINT WARNING * * *
A crawling corpse merges with a small abomination to form a large abomination. x2
The bag of meat hits you with a +9 war axe.
* * * LOW HITPOINT WARNING * * *
The accursed gestures at you while chanting.
Something smites you!
* * * LOW HITPOINT WARNING * * *
The meat berserker hits you with a +9 battleaxe!!!!
You die... ...O.O#o....#.... #...Woo2o_.W.z... .....CXO###W.W...M. ...###2LMXooD###...
VW.O.#XMxGoOG#.....

W..2o#.XOWM%.#G..%...oo
o..OWM..))..W.M........
.oo.o@O2OSD..M..D#..o# .
...GMzO@o)XD....#%...#..
o...LXo.o))G).##.....#.%
.%..#XxOX))..#.%....#%..
C...X.Lo2%).)#...###....
...##.#X.)%)).).)....%#%
.. .o..o..))).%%)))%....
# #.X.%#..%))####)))....
.ooV..%..).).#)).)z%%#
........%..)x)zx).####


You could see 7 accurseds, a tentacled monstrosity, 4 meat beasts, 3 tyrants, a
reaper, 3 eight-headed meat hydras, 2 destroyers, 5 observers, a scourge, 2
sculptors of flesh, 2 large bags of meat, 10 large abominations, The Defiler, 6
wretched souls, 2 dreads, 9 meat berserkers and 20 bags of meat.

Vanquished Creatures
  Sigmund (D)
  11 hell beasts (D)
  4 greater mummies (D)
  5 great orbs of eyes (D)
  2 wraiths (D)
  Harold (D)
  15 vampire knights (D)
  32 ogres (D)
  5 liches (D)
  2 hydras (D)
  66 orcs (D)
  A phantom (D)
  9 hill giants (D)
  3 skeletal warriors (D)
  12 large abominations (D)
  3 small abominations (D)
  10 crawling corpses (D)
182 creatures vanquished.

Vanquished Creatures (others)
  3 crawling corpses (D)
3 creatures vanquished.

Grand Total: 185 creatures vanquished

Notes
Turn   | Place    | Note
--------------------------------------------------------------
     0 | D        | ztt the Ghoul Warper began the quest for the Orb.
     0 | D        | Reached XP level 1. HP: 17/17 MP: 2/2
     3 | D        | Noticed a bag of meat
     3 | D        | Noticed a bag of meat
     3 | D        | Noticed a meat berserker
     4 | D        | Became a worshipper of Makhleb the Destroyer
     5 | D        | Noticed a bag of meat
     5 | D        | Noticed a meat berserker
     6 | D        | Noticed a bag of meat
     6 | D        | Noticed a bag of meat
     7 | D        | Noticed a bag of meat
     7 | D        | Noticed a bag of meat
     7 | D        | Noticed a bag of meat
     7 | D        | Noticed a bag of meat
     7 | D        | Noticed a bag of meat
     7 | D        | Noticed a bag of meat
     7 | D        | Noticed a bag of meat
     7 | D        | Noticed a bag of meat
     7 | D        | Noticed a bag of meat
     7 | D        | Noticed a bag of meat
     7 | D        | Noticed a bag of meat
     7 | D        | Noticed a bag of meat
     7 | D        | Noticed a bag of meat
     8 | D        | Noticed a bag of meat
     8 | D        | Noticed a bag of meat
     9 | D        | Noticed a bag of meat
     9 | D        | Noticed a meat berserker
     9 | D        | Killed a bag of meat
     9 | D        | Reached skill level 11 in Fighting
     9 | D        | Reached skill level 10 in Spellcasting
     9 | D        | Reached skill level 17 in Translocations
     9 | D        | Reached XP level 2. HP: 20/40 MP: 2/12
     9 | D        | Reached XP level 3. HP: 23/47 MP: 2/14
     9 | D        | Reached XP level 4. HP: 26/55 MP: 2/15
     9 | D        | Reached XP level 5. HP: 28/60 MP: 2/17
     9 | D        | Reached XP level 6. HP: 31/68 MP: 2/18
     9 | D        | Reached XP level 7. HP: 33/74 MP: 2/20
     9 | D        | Reached XP level 8. HP: 36/82 MP: 2/21
     9 | D        | Reached XP level 9. HP: 39/89 MP: 2/22
     9 | D        | Reached XP level 10. HP: 41/95 MP: 2/23
     9 | D        | Reached XP level 11. HP: 44/102 MP: 2/24
     9 | D        | Reached XP level 12. HP: 47/110 MP: 2/25
     9 | D        | Killed a bag of meat
     9 | D        | Acquired Makhleb's first power
     9 | D        | Reached skill level 10 in Dodging
     9 | D        | Reached skill level 20 in Translocations
     9 | D        | Reached XP level 13. HP: 49/119 MP: 2/27
     9 | D        | Killed a bag of meat
     9 | D        | Reached skill level 5 in Throwing
     9 | D        | Reached skill level 21 in Translocations
     9 | D        | Reached XP level 14. HP: 52/132 MP: 2/29
     9 | D        | Killed a bag of meat
     9 | D        | Acquired Makhleb's second power
     9 | D        | Reached skill level 15 in Fighting
     9 | D        | Reached skill level 23 in Translocations
     9 | D        | Killed a bag of meat
     9 | D        | Reached skill level 24 in Translocations
     9 | D        | Reached XP level 15. HP: 93/144 MP: 2/32
    10 | D        | Noticed a large bag of meat
    10 | D        | Noticed a bag of meat
    10 | D        | Killed a meat berserker
    10 | D        | Acquired Makhleb's third power
    10 | D        | Reached skill level 15 in Axes
    10 | D        | Reached skill level 5 in Armour
    10 | D        | Reached skill level 15 in Spellcasting
    10 | D        | Reached skill level 26 in Translocations
    10 | D        | Reached XP level 16. HP: 65/157 MP: 2/34
    10 | D        | Killed a bag of meat
    10 | D        | Reached skill level 15 in Dodging
    10 | D        | Killed a bag of meat
    10 | D        | Reached skill level 27 in Translocations
    10 | D        | Killed a bag of meat
    10 | D        | Acquired Makhleb's fourth power
    10 | D        | Reached XP level 17. HP: 167/173 MP: 2/37
    10 | D        | Killed a bag of meat
    10 | D        | Killed a bag of meat
    11 | D        | Killed a bag of meat
    11 | D        | Acquired Makhleb's fifth power
    11 | D        | Reached XP level 18. HP: 187/190 MP: 2/39
    11 | D        | Killed a meat berserker
    11 | D        | Reached skill level 10 in Armour
    11 | D        | Killed a bag of meat
    11 | D        | Killed a bag of meat
    11 | D        | Reached skill level 27 in Fighting
    11 | D        | Reached XP level 19. HP: 205/207 MP: 2/42
    12 | D        | Noticed a bag of meat
    12 | D        | Killed a bag of meat
    12 | D        | Reached skill level 10 in Throwing
    12 | D        | Killed a bag of meat
    12 | D        | Killed a meat berserker
    12 | D        | Reached skill level 27 in Axes
    12 | D        | Killed a bag of meat
    12 | D        | Reached skill level 15 in Armour
    12 | D        | Reached XP level 20. HP: 216/216 MP: 3/47
    12 | D        | Killed a bag of meat
    13 | D        | Killed a bag of meat
    13 | D        | Killed a bag of meat
    14 | D        | Killed a bag of meat
    14 | D        | Reached skill level 27 in Dodging
    14 | D        | Reached skill level 27 in Spellcasting
    16 | D        | Noticed a bag of meat
    16 | D        | Killed a bag of meat
    16 | D        | Reached skill level 15 in Throwing
    16 | D        | Reached XP level 21. HP: 224/224 MP: 4/51
    18 | D        | Noticed a meat berserker
    18 | D        | Noticed a bag of meat
    18 | D        | Killed a large bag of meat
    18 | D        | Killed a bag of meat
    20 | D        | Noticed a meat berserker
    22 | D        | Noticed a bag of meat
    22 | D        | Noticed a bag of meat
    22 | D        | Noticed a large bag of meat
    22 | D        | Noticed a large bag of meat
    23 | D        | Killed a meat berserker
    23 | D        | Reached skill level 27 in Armour
    24 | D        | Killed a bag of meat
    24 | D        | Reached XP level 22. HP: 233/233 MP: 5/52
    25 | D        | Noticed a large bag of meat
    25 | D        | Killed a meat berserker
    25 | D        | Killed a bag of meat
    25 | D        | Reached skill level 27 in Throwing
    27 | D        | Noticed a destroyer
    27 | D        | Killed a bag of meat
    27 | D        | Reached skill level 10 in Stealth
    27 | D        | Killed a destroyer
    27 | D        | Reached XP level 23. HP: 240/240 MP: 5/53
    29 | D        | Killed a large bag of meat
    29 | D        | Killed a large bag of meat
    31 | D        | Noticed a meat berserker
    31 | D        | Noticed a destroyer
    31 | D        | Noticed a bag of meat
    32 | D        | Noticed a meat berserker
    32 | D        | Noticed a bag of meat
    33 | D        | Noticed a destroyer
    33 | D        | Killed a meat berserker
    34 | D        | Noticed a meat berserker
    34 | D        | Noticed a bag of meat
    34 | D        | Noticed a large bag of meat
    35 | D        | Noticed a bag of meat
    35 | D        | Noticed a bag of meat
    35 | D        | Noticed a bag of meat
    35 | D        | Noticed a bag of meat
    35 | D        | Noticed a sculptor of flesh
    35 | D        | Killed a meat berserker
    35 | D        | Reached XP level 24. HP: 249/249 MP: 8/53
    36 | D        | Noticed a meat berserker
    36 | D        | Noticed a bag of meat
    36 | D        | Killed a bag of meat
    36 | D        | Reached skill level 27 in Stealth
    36 | D        | Killed a destroyer
    36 | D        | Reached skill level 27 in Unarmed Combat
    36 | D        | Reached skill level 27 in Invocations
    37 | D        | Noticed a bag of meat
    37 | D        | Noticed a destroyer
    37 | D        | Killed a bag of meat
    37 | D        | Killed a large bag of meat
    38 | D        | Noticed a meat berserker
    38 | D        | Noticed a large bag of meat
    38 | D        | Noticed a destroyer
    38 | D        | Killed a destroyer
    38 | D        | Reached XP level 25. HP: 257/257 MP: 8/53
    39 | D        | Killed a bag of meat
    39 | D        | Killed a meat berserker
    40 | D        | Noticed a meat berserker
    40 | D        | Noticed a bag of meat
    40 | D        | Noticed a bag of meat
    40 | D        | Killed a bag of meat
    41 | D        | Noticed a meat berserker
    41 | D        | Noticed a bag of meat
    41 | D        | Noticed a bag of meat
    41 | D        | Noticed a bag of meat
    41 | D        | Noticed a large bag of meat
    41 | D        | Noticed a bag of meat
    42 | D        | Noticed a bag of meat
    42 | D        | Noticed a bag of meat
    42 | D        | Noticed a bag of meat
    42 | D        | Noticed a bag of meat
    43 | D        | Noticed a bag of meat
    43 | D        | Killed a destroyer
    43 | D        | Killed a bag of meat
    43 | D        | Reached XP level 26. HP: 266/266 MP: 10/53
    43 | D        | Killed a meat berserker
    43 | D        | Killed a bag of meat
    44 | D        | Noticed a bag of meat
    44 | D        | Noticed a large bag of meat
    44 | D        | Killed a destroyer
    44 | D        | Killed a meat berserker
    44 | D        | Reached XP level 27. HP: 273/273 MP: 10/53
    45 | D        | Noticed a destroyer
    45 | D        | Noticed a destroyer
    45 | D        | Killed a large bag of meat
    45 | D        | Killed a bag of meat
    46 | D        | Noticed a meat berserker
    46 | D        | Noticed a bag of meat
    46 | D        | Killed a sculptor of flesh
    47 | D        | Noticed a destroyer
    47 | D        | Killed a bag of meat
    47 | D        | Killed a bag of meat
    48 | D        | Noticed a bag of meat
    48 | D        | Killed a destroyer
    48 | D        | Killed a bag of meat
    49 | D        | Killed a meat berserker
    49 | D        | Killed a bag of meat
    49 | D        | Noticed a destroyer
    50 | D        | Killed a bag of meat
    51 | D        | Noticed a large bag of meat
    51 | D        | Killed a meat berserker
    51 | D        | Killed a destroyer
    51 | D        | Killed a large bag of meat
    51 | D        | Killed a bag of meat
    53 | D        | Noticed a bag of meat
    53 | D        | Noticed a meat berserker
    53 | D        | Noticed an accursed
    53 | D        | Killed a large bag of meat
    53 | D        | Killed a bag of meat
    53 | D        | Killed a bag of meat
    53 | D        | Killed a bag of meat
    53 | D        | Killed a destroyer
    53 | D        | Killed an accursed
    54 | D        | Killed a bag of meat
    54 | D        | Killed a bag of meat
    54 | D        | Killed a meat berserker
    55 | D        | Noticed a destroyer
    55 | D        | Killed a bag of meat
    55 | D        | Killed a bag of meat
    56 | D        | Noticed a tyrant
    56 | D        | Killed a large bag of meat
    56 | D        | Killed a tyrant
    57 | D        | Killed a bag of meat
    57 | D        | Killed a bag of meat
    58 | D        | Killed a large bag of meat
    58 | D        | Killed a destroyer
    59 | D        | Noticed an accursed
    59 | D        | Noticed a destroyer
    59 | D        | Killed a destroyer
    59 | D        | Killed a meat berserker
    60 | D        | Killed a bag of meat
    61 | D        | Noticed a meat berserker
    61 | D        | Killed a bag of meat
    61 | D        | Killed a bag of meat
    62 | D        | Noticed a meat berserker
    62 | D        | Noticed a bag of meat
    62 | D        | Noticed a bag of meat
    62 | D        | Noticed a destroyer
    62 | D        | Noticed a meat beast
    62 | D        | Noticed a tyrant
    63 | D        | Noticed a bag of meat
    63 | D        | Noticed a bag of meat
    64 | D        | Killed a meat berserker
    64 | D        | Killed a meat berserker
    66 | D        | Noticed a dread
    66 | D        | Noticed a meat beast
    66 | D        | Killed a bag of meat
    66 | D        | Killed a tyrant
    67 | D        | Noticed a meat berserker
    67 | D        | Killed a bag of meat
    68 | D        | Noticed a meat beast
    68 | D        | Killed a dread
    69 | D        | Noticed a bag of meat
    69 | D        | Killed a meat beast
    69 | D        | Killed a meat beast
    70 | D        | Noticed a meat beast
    70 | D        | Noticed a sculptor of flesh
    71 | D        | Killed a bag of meat
    71 | D        | Killed a bag of meat
    71 | D        | Killed a bag of meat
    71 | D        | Killed a meat berserker
    72 | D        | Killed a meat beast
    73 | D        | Noticed a meat beast
    74 | D        | Noticed a bag of meat
    75 | D        | Noticed a bag of meat
    75 | D        | Noticed a sculptor of flesh
    75 | D        | Killed a destroyer
    75 | D        | Killed a meat beast
    75 | D        | Killed a meat beast
    77 | D        | Noticed a dread
    78 | D        | Killed a destroyer
    79 | D        | Killed a bag of meat
    80 | D        | Noticed a destroyer
    80 | D        | Noticed a meat berserker
    80 | D        | Noticed a meat berserker
    80 | D        | Noticed a wretched soul
    81 | D        | Killed a bag of meat
    81 | D        | Killed a bag of meat
    83 | D        | Noticed a meat berserker
    83 | D        | Killed a wretched soul
    84 | D        | Killed a dread
    84 | D        | Killed a meat berserker
    85 | D        | Noticed a meat berserker
    85 | D        | Killed a destroyer
    85 | D        | Killed a meat berserker
    86 | D        | Killed a sculptor of flesh
    88 | D        | Noticed an accursed
    88 | D        | Noticed a destroyer
    88 | D        | Noticed The Captor
    89 | D        | Killed a meat berserker
    90 | D        | Noticed a bag of meat
    90 | D        | Killed a destroyer
    90 | D        | Killed a sculptor of flesh
    91 | D        | Noticed a bag of meat
    91 | D        | Killed a meat berserker
    92 | D        | Noticed an accursed
    92 | D        | Noticed a meat berserker
    93 | D        | Noticed a tyrant
    94 | D        | Noticed an observer
    94 | D        | Killed an accursed
    94 | D        | Killed an accursed
    95 | D        | Noticed a tyrant
    96 | D        | Noticed a meat beast
    96 | D        | Killed an accursed
    96 | D        | Killed a bag of meat
    98 | D        | Noticed an observer
    98 | D        | Noticed a meat berserker
    98 | D        | Noticed a meat berserker
    98 | D        | Noticed a tyrant
    98 | D        | Noticed an observer
    98 | D        | Killed The Captor
    98 | D        | Killed an observer
    98 | D        | Killed an observer
    99 | D        | Noticed a bag of meat
    99 | D        | Noticed a meat berserker
    99 | D        | Noticed a bag of meat
    99 | D        | Noticed a bag of meat
    99 | D        | Killed a tyrant
    99 | D        | Killed a tyrant
    99 | D        | Killed a bag of meat
    99 | D        | Killed a meat berserker
   100 | D        | Noticed a meat berserker
   100 | D        | Noticed an observer
   100 | D        | Noticed a meat beast
   100 | D        | Killed a meat beast
   101 | D        | Noticed a tyrant
   101 | D        | Noticed a destroyer
   101 | D        | Noticed a sculptor of flesh
   101 | D        | Noticed an observer
   101 | D        | Noticed a bag of meat
   101 | D        | Noticed a bag of meat
   101 | D        | Noticed The Servant
   101 | D        | Noticed an accursed
   102 | D        | Noticed a bag of meat
   102 | D        | Noticed a meat berserker
   102 | D        | Noticed an accursed
   102 | D        | Noticed a bag of meat
   102 | D        | Noticed a meat berserker
   102 | D        | Noticed a meat berserker
   102 | D        | Noticed a meat berserker
   102 | D        | Noticed a meat berserker
   102 | D        | Noticed a meat beast
   102 | D        | Killed an observer
   103 | D        | Noticed a meat berserker
   103 | D        | Noticed a bag of meat
   103 | D        | Noticed an accursed
   103 | D        | Noticed an accursed
   103 | D        | Noticed a large bag of meat
   103 | D        | Killed a meat berserker
   103 | D        | Killed a destroyer
   103 | D        | Killed a meat beast
   104 | D        | Noticed a bag of meat
   104 | D        | Noticed a bag of meat
   104 | D        | Noticed a bag of meat
   104 | D        | Noticed an observer
   104 | D        | Noticed a meat berserker
   104 | D        | Noticed a bag of meat
   104 | D        | Noticed a bag of meat
   104 | D        | Noticed a bag of meat
   104 | D        | Noticed a meat beast
   104 | D        | Killed a meat berserker
   104 | D        | Killed a meat berserker
   105 | D        | Noticed an accursed
   105 | D        | Noticed a bag of meat
   105 | D        | Noticed a wretched soul
   105 | D        | Noticed a tyrant
   105 | D        | Noticed an accursed
   105 | D        | Noticed an accursed
   105 | D        | Noticed a bag of meat
   105 | D        | Noticed a bag of meat
   105 | D        | Noticed a tyrant
   106 | D        | Noticed a meat beast
   106 | D        | Noticed a meat berserker
   106 | D        | Noticed a meat berserker
   106 | D        | Noticed a bag of meat
   106 | D        | Noticed a meat berserker
   106 | D        | Noticed a meat beast
   106 | D        | Killed a meat berserker
   106 | D        | Killed a bag of meat
   106 | D        | Killed a bag of meat
   106 | D        | Killed a bag of meat
   106 | D        | Killed an observer
   107 | D        | Noticed a bag of meat
   107 | D        | Noticed a meat berserker
   107 | D        | Noticed a bag of meat
   107 | D        | Noticed a meat berserker
   107 | D        | Noticed a dread
   107 | D        | Noticed The Defiler
   107 | D        | Killed a meat berserker
   107 | D        | Killed a meat berserker
   107 | D        | Killed a meat berserker
   107 | D        | Killed an observer
   107 | D        | Killed a tyrant
   108 | D        | Noticed a bag of meat
   108 | D        | Noticed a bag of meat
   108 | D        | Noticed a wretched soul
   108 | D        | Noticed a meat beast
   108 | D        | Killed a meat berserker
   108 | D        | Killed a meat beast
   109 | D        | Noticed a bag of meat
   109 | D        | Noticed a dread
   109 | D        | Noticed a meat berserker
   109 | D        | Noticed an observer
   109 | D        | Noticed an observer
   109 | D        | Killed The Servant
   109 | D        | Killed a bag of meat
   109 | D        | Killed a meat beast
   109 | D        | Killed a meat beast
   110 | D        | Noticed a meat beast
   110 | D        | Noticed an observer
   110 | D        | Noticed a sculptor of flesh
   110 | D        | Noticed a wretched soul
   110 | D        | Noticed an observer
   110 | D        | Killed a bag of meat
   110 | D        | Killed a bag of meat
   110 | D        | Killed a meat berserker
   111 | D        | Noticed a bag of meat
   111 | D        | Noticed a meat beast
   111 | D        | Noticed a wretched soul
   111 | D        | Noticed a meat beast
   111 | D        | Noticed a meat berserker
   111 | D        | Killed a meat berserker
   111 | D        | Killed a meat beast
   112 | D        | Noticed a meat berserker
   112 | D        | Noticed a meat berserker
   112 | D        | Noticed a wretched soul
   112 | D        | Noticed a bag of meat
   112 | D        | Noticed a bag of meat
   112 | D        | Noticed a bag of meat
   112 | D        | Noticed a wretched soul
   112 | D        | Noticed a meat berserker
   112 | D        | Noticed a dread
   112 | D        | Noticed a bag of meat
   112 | D        | Annihilated by a meat berserker

Vault maps used:
D:        meatsprint

Action                   |  1- 3 |  4- 6 |  7- 9 | 10-12 | 13-15 | 16-18 | 19-21 | 22-24 | 25-27 || total
-------------------------+-------+-------+-------+-------+-------+-------+-------+-------+-------++-------
Melee: Executioner's axe |     1 |       |       |       |     1 |     1 |     7 |     8 |    54 ||    72
 Cast: Apportation       |       |       |       |       |       |       |     1 |       |       ||     1
  Use: Scroll            |     1 |       |       |       |       |       |       |       |       ||     1
